 Dungeon Crawl Stone Soup version 0.21-a0-552-g593960d (webtiles) character file.

72 polly the Skirmisher (level 4, 14/36 HPs)
             Began as a Demonspawn Berserker on Dec 18, 2017.
             Was a Believer of Trog.
             Quit the game on level 2 of the Dungeon.
             The game lasted 00:01:39 (718 turns).

polly the Skirmisher (Demonspawn Berserker)          Turns: 718, Time: 00:01:40

Health: 14/36      AC:  6    Str: 18    XL:     4   Next: 6%
Magic:  4/4        EV: 10    Int:  9    God:    Trog [**....]
Gold:   52         SH:  0    Dex: 12    Spells: 3/3 levels left

rFire    . . .     SeeInvis .   a - +0 mace
rCold    . . .     Gourm    .   (no shield)
rNeg     . . .     Faith    .   j - +0 scale mail
rPois    .         Spirit   .   (no helmet)
rElec    .         Reflect  .   (no cloak)
rCorr    .         Harm     .   (no gloves)
MR       .....                  (no boots)
Stlth    ..........             (no amulet)
HPRegen  0.12/turn              e - ring of loudness (curse)
MPRegen  0.09/turn              (no ring)

@: no status effects
A: demonic guardian 1, spiny 1
a: Berserk, Trog's Hand, Burn Spellbooks, Renounce Religion


You were on level 2 of the Dungeon.
You worshipped Trog.
Trog was pleased with you.
You were not hungry.

You visited 1 branch of the dungeon, and saw 2 of its levels.

You collected 52 gold pieces.

Inventory:

Hand Weapons
 a - a +0 mace (weapon)
Armour
 j - a +0 scale mail (worn)
Jewellery
 e - a cursed ring of loudness (left hand)
Scrolls
 b - a scroll of teleportation
 f - a scroll of identify {unknown}
Potions
 d - a potion of flight {unknown}
 g - 2 potions of degeneration {unknown}
 h - a potion of mutation {unknown}
Comestibles
 c - a bread ration
 i - 5 fruits


   Skills:
 + Level 3.6 Fighting
 + Level 3.5 Maces & Flails
 + Level 2.2 Armour
 + Level 2.2 Dodging


You had 3 spell levels left.
You didn't know any spells.

Dungeon Overview and Level Annotations

Branches:
Dungeon (2/15)

Altars:


Innate Abilities, Weirdness & Mutations

A weak demonic guardian rushes to your aid.
You are partially covered in sharp spines.


Message History

You feel clever.
Your demonic ancestry asserts itself...
You feel the presence of a demonic guardian.
You see here a club.
The worm completely misses you.
You hit the worm.
The worm is lightly wounded.
You barely miss the worm.
The worm is lightly wounded.
You feel sick.
You are no longer poisoned.
The worm is struck by your spines. The worm bites you but does no damage.
You thump the worm!
The worm is severely wounded.
The worm is struck by your spines. The worm bites you but does no damage.
You sock the worm!
You kill the worm!
Trog accepts your kill.
A rat comes into view.
You see here a worm corpse.
Are you sure you want to abandon this character and quit the game? (Confirm with "yes".)

###### #.# #....# ...
#....#### ##.# #........
#... #†...###. .## #..#
# ###+## #. .... <.#.#.#
####. .....##.#.#.###
#...) .r.....@..#.#..
#....
....###.###.#.######....
. #)# #.#.#......... #†#
#.#.#.####....
...###?###.#.#.##.+....
..............#.##.#....
........###......#.#....
........#######..#.#....
.....##.#........#.#....


You could see a rat.

Vanquished Creatures
  3 adders (D:2)
  A worm (D:2)
  A dart slug (D:1)
  2 leopard geckos (D:2)
  5 bats
  5 giant cockroaches (D:1)
  4 goblins
  6 hobgoblins
  A ball python (D:1)
  4 frilled lizards
  A kobold (D:1)
  6 rats
39 creatures vanquished.

Notes
Turn   | Place    | Note
-------+----------+-------------------------------------------
     0 | D:1      | polly the Demonspawn Berserker began the quest for the Orb.
     0 | D:1      | Reached XP level 1. HP: 18/18 MP: 1/1
    64 | D:1      | Gained mutation: You are partially covered in sharp spines. [demonic ancestry]
    64 | D:1      | Reached XP level 2. HP: 14/24 MP: 2/2
   316 | D:1      | Reached ** piety under Trog
   522 | D:1      | Reached XP level 3. HP: 29/29 MP: 3/3
   710 | D:2      | Gained mutation: A weak demonic guardian rushes to your aid. [demonic ancestry]
   710 | D:2      | Reached XP level 4. HP: 14/36 MP: 4/4
   718 | D:2      | Quit the game

Vault maps used:
D:1:      tarquinn_simple_flora_water_d

Skill      XL: |  1  2  3 |
---------------+----------+-----
Maces & Flails | 3 |  3.5
Dodging        | 2 |  2.2
Armour         | 2 |  2.2
Fighting       | |  3.6

Action                   |  1- 3 |  4- 6 || total
-------------------------+-------+-------++-------
Melee: Mace              |    72 |     4 ||    76
  Use: Scroll            |     1 |       ||     1
Armor: Animal skin       |    21 |       ||    21
       Scale mail        |     4 |     2 ||     6
Dodge: Dodged            |    53 |     1 ||    54

Table legend:
 A = Spawn XP
 B = Non-spawn XP
 C = Spawn XP percentage of total XP
 D = Spawn monster count
 E = Non-spawn monster count
 F = Spawn count percentage of total count
 G = Total turns spent on level
                    A         B        C        D         E        F      G
               +---------+---------+-------+---------+---------+-------+---------
         Total |       0 |     103 |   0.0 |       0 |      39 |   0.0 |   718
               +---------+---------+-------+---------+---------+-------+---------
           D:1 |       0 |      44 |   0.0 |       0 |      27 |   0.0 |   581
           D:2 |       0 |      59 |   0.0 |       0 |      12 |   0.0 |   137
               +---------+---------+-------+---------+---------+-------+---------
